 Dungeon Crawl Stone Soup version 0.23.0 (webtiles) character file.

Game seed: 9850804519470664980

387 Morbidden the Skirmisher (level 6, 48/48 HPs)
             Began as a Demonspawn Fighter on Feb 12, 2019.
             Quit the game on level 3 of the Dungeon.
             The game lasted 00:04:55 (1978 turns).

Morbidden the Skirmisher (Demonspawn Fighter)       Turns: 1978, Time: 00:04:56

Health: 48/48      AC:  6    Str: 19    XL:     6   Next: 49%
Magic:  8/9        EV:  8    Int:  9    God:
Gold:   109        SH:  9    Dex: 12    Spells: 9/9 levels left

rFire    . . .     SeeInvis +   a - +0 long sword
rCold    + . .     Gourm    .   c - +0 shield
rNeg     . . .     Faith    .   b - +0 scale mail
rPois    .         Spirit   +   (helmet restricted)
rElec    +         Reflect  .   (no cloak)
rCorr    .         Harm     .   (no gloves)
MR       .....     Rnd*Rage +   (no boots)
Stlth    ..........             u - amulet of guardian spirit
HPRegen  0.16/turn              k - ring of flight
MPRegen  0.11/turn              (no ring)

@: no status effects
A: antennae 1, talons 1, see invisible, berserk 1, blink, cold resistance 1,
powered by pain 1, electricity resistance
a: Blink, Evoke Flight


You were on level 3 of the Dungeon.
You were near starving.

You visited 1 branch of the dungeon, and saw 3 of its levels.

You collected 109 gold pieces.

Inventory:

Hand Weapons
 a - a +0 long sword (weapon)
 g - a +2 short sword of venom
Missiles
 j - a throwing net (quivered)
Armour
 b - a +0 scale mail (worn)
 c - a +0 shield (worn)
Jewellery
 k - a ring of flight (left hand)
 u - an amulet of guardian spirit (around neck)
Scrolls
 h - a scroll of blinking {unknown}
 i - 2 scrolls of remove curse {unknown}
 l - 2 scrolls of fear {unknown}
 p - 3 scrolls of enchant armour {unknown}
 s - a scroll of noise {unknown}
 t - 2 scrolls of identify {unknown}
 w - a scroll of immolation {unknown}
 x - a scroll of amnesia {unknown}
 y - a scroll of magic mapping {unknown}
Potions
 v - a potion of degeneration {unknown}
Comestibles
 f - 7 rations


   Skills:
 * Level 3.9 Fighting
 + Level 1.7(2.7) Short Blades
 * Level 3.0(3.3) Long Blades
 + Level 3.6 Armour
 + Level 1.7 Dodging
 + Level 3.4 Shields
 * Level 2.0 Spellcasting


You had 9 spell levels left.
You didn't know any spells.
Your spell library was empty.

Dungeon Overview and Level Annotations

Branches:
Dungeon (3/15)

Altars:
Gozag
Nemelex Xobeh


Innate Abilities, Weirdness & Mutations

You have a pair of small antennae on your head.
You have sharp toenails.
Your flesh is cold resistant. (rC+)
You sometimes gain a little power by taking damage.
You have supernaturally acute eyesight. (SInv)
You tend to lose your temper in combat.
You can translocate small distances at will.
You are resistant to electric shocks. (rElec)


Message History

Found 16 bolts.
Unknown command.
Found a dagger and a pair of gloves.
You see here a potion of mutation.
Unknown command.
Unknown command.
Quiver which item? (- for none, * to show all) (? for menu, Esc to quit)
Okay, then.
Okay, then.
Really quaff the potion of mutation?
Okay, then.
Really quaff the potion of mutation?
You feel extremely strange.
You feel healthier.
You feel more energetic.
Your rate of healing slows.
You feel jittery.
Your vision sharpens.
You feel a little pissed off.
You feel insulated.
Unknown command.
Quiver which item? (- for none, * to show all) (? for menu, Esc to quit)
Okay, then.
Are you sure you want to abandon this character and quit the game? (Confirm with "yes".)

#.####.# #..# #.## ##.#
#..#### . #.# ##....# ..
###.#######.##### ..[
..).............# ....
###.#######>###.###....)
#.# #.###.......# #.#
#.....@.....# #.#
#....####...## #.#
....##. .### ... ...# #.
# .. # > (# . ##


There were no monsters in sight!

Vanquished Creatures
  Grinder (D:3)
  Natasha (thrice) (D:2)
  3 adders (D:2)
  5 worms
  2 dart slugs
  4 orcs (D:3)
  2 giant cockroaches
  5 goblins
  5 hobgoblins
  8 jackals (D:2)
  6 bats
  4 frilled lizards
  6 kobolds
  9 rats
63 creatures vanquished.

Notes
Turn   | Place    | Note
-------+----------+-------------------------------------------
     0 | D:1      | Morbidden the Demonspawn Fighter began the quest for the
                  | Orb.
     0 | D:1      | Reached XP level 1. HP: 18/18 MP: 1/1
   207 | D:1      | Gained mutation: Your flesh is cold resistant. (rC+)
                  | [demonic ancestry]
   207 | D:1      | Reached XP level 2. HP: 24/24 MP: 2/2
   726 | D:2      | Reached XP level 3. HP: 29/29 MP: 3/3
   851 | D:2      | Found a sparkling altar of Nemelex Xobeh.
   851 | D:2      | Found an opulent altar of Gozag.
   877 | D:2      | Gained mutation: You have sharp toenails. [demonic
                  | ancestry]
   877 | D:2      | Reached XP level 4. HP: 25/35 MP: 4/4
   948 | D:2      | Noticed Natasha
   953 | D:2      | Killed Natasha
   953 | D:2      | Reached skill level 1 in Short Blades
  1231 | D:2      | Noticed Natasha
  1238 | D:2      | Killed Natasha
  1238 | D:2      | Reached skill level 1 in Spellcasting
  1238 | D:2      | Gained mutation: You sometimes gain a little power by
                  | taking damage. [demonic ancestry]
  1238 | D:2      | Reached XP level 5. HP: 34/41 MP: 3/7
  1438 | D:2      | Noticed Natasha
  1447 | D:2      | Killed Natasha
  1447 | D:2      | Reached skill level 1 in Dodging
  1559 | D:3      | Noticed Grinder
  1575 | D:3      | Paralysed by Grinder for 6 turns
  1586 | D:3      | Paralysed by Grinder for 7 turns
  1595 | D:3      | Gained mutation: Your body sometimes deteriorates upon
                  | taking damage. [potion of mutation]
  1595 | D:3      | Gained mutation: Your magical capacity is low. (-10% MP)
                  | [potion of mutation]
  1595 | D:3      | Gained mutation: Your natural rate of healing is unusually
                  | fast. [potion of mutation]
  1605 | D:3      | Paralysed by Grinder for 4 turns
  1615 | D:3      | Killed Grinder
  1615 | D:3      | Gained mutation: You have a pair of small antennae on your
                  | head. [demonic ancestry]
  1615 | D:3      | Reached XP level 6. HP: 28/48 MP: 2/8
  1977 | D:3      | Lost mutation: Your body sometimes deteriorates upon taking
                  | damage. [potion of mutation]
  1977 | D:3      | Lost mutation: Your magical capacity is low. (-10% MP)
                  | [potion of mutation]
  1977 | D:3      | Lost mutation: Your natural rate of healing is unusually
                  | fast. [potion of mutation]
  1977 | D:3      | Gained mutation: You can translocate small distances at
                  | will. [potion of mutation]
  1977 | D:3      | Gained mutation: You have supernaturally acute eyesight.
                  | (SInv) [potion of mutation]
  1977 | D:3      | Gained mutation: You tend to lose your temper in combat.
                  | [potion of mutation]
  1977 | D:3      | Gained mutation: You are resistant to electric shocks.
                  | (rElec) [potion of mutation]
  1978 | D:3      | Quit the game

Skill      XL: |  1  2  3  4  5 |
---------------+----------------+-----
Shields        | 3 |  3.4
Armour         | 3 |  3.6
Long Blades    | 2 3 |  3.0
Short Blades   | 1 |  1.7
Spellcasting   | 1 2 |  2.0
Dodging        | 1 |  1.7
Fighting       | |  3.9

Action                   |  1- 3 |  4- 6 || total
-------------------------+-------+-------++-------
Melee: Long sword        |    11 |     9 ||    20
       Short sword       |    96 |    75 ||   171
       Kick              |       |    12 ||    12
  Use: Potion            |       |    11 ||    11
  Eat: Chunk             |       |     2 ||     2
Armor: Scale mail        |    51 |    22 ||    73
       Skin              |       |     4 ||     4
Dodge: Dodged            |    23 |    25 ||    48
Block: Shield            |    50 |    30 ||    80
